 Dungeon Crawl Stone Soup version 0.30.0-10-gfe55d96785 (webtiles) character file.

Game seed: 15433739820101921563

12492 retardedninja the Thaumaturge (level 11, 0/84 HPs)
             Began as a Gnoll Fire Elementalist on May 15, 2023.
             Was an Elder of Cheibriados.
             Slain by a catoblepas (3 damage)
             ... while petrified by a catoblepas
             ... on level 1 of the Lair of Beasts.
             The game lasted 00:19:52 (16387 turns).

retardedninja the Thaumaturge (GnFE)               Turns: 16387, Time: 00:19:53

Health: 0/84       AC: 13    Str: 19    XL:     11   Next: 94%
Magic:  11/23      EV:  2    Int: 28    God:    Cheibriados [****..]
Gold:   723        SH:  0    Dex: 28    Spells: 17/27 levels left

rFire   . . .        H - +2 Maxwell's thermic engine {flame, freeze, rev}
rCold   . . .        (no shield)
rNeg    + + +        h - +2 robe
rPois   ∞            o - +1 helmet
rElec   .            (no cloak)
rCorr   .            w - +0 pair of gloves
SInv    .            d - +0 pair of boots
Will    .....        (no amulet)
Stlth   +++++        y - +6 ring of dexterity
HPRegen 0.34/turn    p - +4 ring of protection
MPRegen 0.18/turn

%: no passive effects
@: petrified, very slow
A: fangs 1, strong nose, distributed training
a: Renounce Religion, Bend Time, Temporal Distortion, Slouch


You were on level 1 of the Lair of Beasts.
You worshipped Cheibriados.
Cheibriados was greatly pleased with you.
You visited 3 branches of the dungeon, and saw 13 of its levels.

You collected 723 gold pieces.

Inventory:

Hand Weapons
 H - the +2 Maxwell's thermic engine (weapon) {flame, freeze, rev}
   (You found it on level 9 of the Dungeon)
Missiles
 F - a throwing net
Armour
 b - the +1 cloak "Tegaak" {+Blink rF+ Int-3 Dex+3}
   (You found it on level 10 of the Dungeon)

   Int:       It affects your intelligence (-3).
   Dex:       It affects your dexterity (+3).
   rF:        It protects you from fire.
   +Blink:    It lets you blink.
 d - a +0 pair of boots (worn)
 h - a +2 robe (worn)
 o - a +1 helmet (worn)
 r - a +0 troll leather armour
 w - a +0 pair of gloves (worn)
Jewellery
 p - a +4 ring of protection (right hand)
 y - a +6 ring of dexterity (left hand)
 B - a +6 ring of intelligence
 J - a +6 ring of dexterity
Scrolls
 g - a scroll of vulnerability {unknown}
 i - a scroll of summoning {unknown}
 j - a scroll of enchant weapon {unknown}
 k - a scroll of fear {unknown}
 m - a scroll of teleportation
 q - 2 scrolls of blinking {unknown}
 s - 2 scrolls of brand weapon
 t - a scroll of immolation
 u - a scroll of fog {unknown}
 v - 2 scrolls of poison {unknown}
 x - 5 scrolls of magic mapping
 A - 2 scrolls of noise {unknown}
 E - a scroll of identify
Potions
 a - a potion of mutation
 c - 2 potions of lignification
 f - a potion of attraction
 l - 3 potions of berserk rage
 n - 3 potions of curing
 z - a potion of degeneration
 C - a potion of haste
 D - a potion of magic
 G - a potion of ambrosia
 I - a potion of flight {unknown}


   Skills:
 + Level 7.0 Fighting
 + Level 7.0 Short Blades
 + Level 7.0 Long Blades
 + Level 7.0 Axes
 + Level 7.0 Maces & Flails
 + Level 7.0 Polearms
 + Level 7.0 Staves
 + Level 7.0 Ranged Weapons
 + Level 7.0 Throwing
 + Level 7.0 Armour
 + Level 8.5 Dodging
 + Level 8.2 Stealth
 + Level 7.0 Shields
 + Level 7.0 Unarmed Combat
 + Level 8.7 Spellcasting
 + Level 6.2 Conjurations
 + Level 5.8 Hexes
 + Level 5.8 Summonings
 + Level 5.8 Necromancy
 + Level 5.8 Translocations
 + Level 5.8 Transmutations
 + Level 8.1 Fire Magic
 + Level 5.8 Ice Magic
 + Level 5.8 Air Magic
 + Level 5.8 Earth Magic
 + Level 5.8 Poison Magic
 + Level 7.7 Invocations
 + Level 7.0 Evocations


You had 17 spell levels left.
You knew the following spells:

 Your Spells              Type           Power      Damage    Failure   Level
a - Foxfire               Conj/Fire      100%       2x1d9     1%          1
b - Scorch                Fire           100%       2d9       1%          2
c - Flame Wave            Conj/Fire      51%        2d13      2%          4
d - Inner Flame           Hex/Fire       50%        N/A       1%          3

Your spell library contained the following spells:

 Spells                   Type           Power      Damage    Failure   Level
 Beastly Appendage        Tmut           88%        N/A       1%          1
 Wereblood                Tmut           44%        N/A       1%          2
 Dazzling Flash           Conj/Hex       92%        N/A       1%          3
 Spider Form              Tmut/Pois      44%        N/A       1%          3
 Volatile Blastmotes      Fire/Tloc      100%       2d18      1%          3
 Agony                    Necr           44%        N/A       12%         5
 Silence                  Hex/Air        22%        N/A       12%         5


Dungeon Overview and Level Annotations

Branches:
Dungeon (11/15)            Temple (1/1) D:7            Lair (1/5) D:8
    Orc (0/2) D:10

Altars:
Ashenzari
Cheibriados
Dithmenos
Elyvilon
Gozag
Kikubaaqudgha
Makhleb
Nemelex Xobeh
Okawaru
Ru
Sif Muna
Trog
Uskayaw
Vehumet
Xom
Yredelemnul
Zin

Shops:
D:1 [


Innate Abilities, Weirdness & Mutations

You have very sharp teeth.
Your uncanny sense of smell can sniff out nearby items.
Your experience applies equally to all skills.


Message History

Confirm with . or Enter, or press ? or * to list all spells.
Casting: Flame Wave (dangerous; 2% risk of failure)
Press: ? - help, Dir - look around, f - activate A wave of flame ripples out!
The flame wave engulfs the catoblepas!!
The catoblepas is almost dead. (Press . to intensify the flame waves.)
You are engulfed in calcifying dust.
You are slowing down.
The catoblepas breathes a plume of calcifying dust at you.
The blast of calcifying dust hits you!
A wave of flame ripples out!
The flame wave engulfs the catoblepas but does no damage.
The catoblepas is almost dead.
You are engulfed in calcifying dust.
Your limbs have turned to stone.
The catoblepas gores you!
* * * LOW HITPOINT WARNING * * *
You have turned to stone.
You are engulfed in calcifying dust.
The water moccasin is no longer petrified.
The catoblepas breathes a plume of calcifying dust at you.
The blast of calcifying dust hits you but does no damage.
You are engulfed in calcifying dust.
The catoblepas gores you!
* * * LOW HITPOINT WARNING * * *
You are engulfed in calcifying dust.
The water moccasin bites you but does no damage. x2
The catoblepas breathes a plume of calcifying dust at you.
The blast of calcifying dust hits you but does no damage.
The water moccasin bites you but does no damage.
The water moccasin bites you but does no damage.
The catoblepas gores you!!
* * * LOW HITPOINT WARNING * * *
The water moccasin bites you but does no damage. x2
The water moccasin bites you.
* * * LOW HITPOINT WARNING * * *
The water moccasin bites you but does no damage.
The catoblepas gores you!
* * * LOW HITPOINT WARNING * * *
The water moccasin bites you but does no damage. x2
The catoblepas gores you!
You die...

#.# . ##.## #.
##...##
.##.....##
........# #.#
#.....#
.....##SS.#####.
#......Y@§§§.§..
##...###........
#. #.#.####.
#.### #.# ∆ #.#
#.# #.. ##.


You could see a catoblepas and 2 water moccasins.

Vanquished Creatures
  A two-headed ogre (D:9)
  An unseen horror (D:11)
  A kobold demonologist (D:9)
  A troll (D:10)
  2 hornets (D:9)
  Grinder (D:3)
  Sigmund (D:3)
  2 shadows
  2 wyverns
  20 yaks
  A vampire (D:9)
  8 vampire mosquitoes (D:11)
  Edmund (D:6)
  2 acid dragons
  3 water moccasins
  A sky beast (D:6)
  4 orc warriors
  2 black bears (D:4)
  4 centaurs
  4 ogres
  3 phantoms
  3 kobold brigands
  8 bullfrogs
  3 gnoll sergeants
  4 scorpions
  10 wights
  16 killer bees
  3 howler monkeys (D:9)
  3 hounds
  2 orc priests
  2 gnoll boudas (D:9)
  3 jellies
  3 iguanas
  Ijyb (D:3)
  Terence (D:2)
  6 orc wizards
  4 sleepcaps
  Robin (D:3)
  26 gnolls
  13 adders
  5 dart slugs
  21 orcs
  3 bats
  9 endoplasms
  2 giant cockroaches (D:4)
  10 goblins
  6 hobgoblins
  14 kobolds
  6 quokkas
  7 ball pythons
  2 frilled lizards
  7 rats
269 creatures vanquished.

Vanquished Creatures (others)
  830 foxfires
830 creatures vanquished.

Grand Total: 1099 creatures vanquished

Notes
Turn   | Place    | Note
-------+----------+-------------------------------------------
     0 | D:1      | retardedninja the Gnoll Fire Elementalist began the quest
                  | for the Orb.
     0 | D:1      | Reached XP level 1. HP: 13/13 MP: 6/6
    76 | D:1      | Reached XP level 2. HP: 14/19 MP: 0/7
   851 | D:1      | Reached skill level 5 in Spellcasting
   851 | D:1      | Reached XP level 3. HP: 25/25 MP: 3/9
   860 | D:1      | Learned a level 2 spell: Scorch
   928 | D:1      | Found Noshrarphi's Antique Armour Shop.
  1184 | D:2      | Found a sacrificial altar of Ru.
  1448 | D:2      | Reached skill level 1 in Invocations
  1640 | D:2      | Noticed Terence
  1643 | D:2      | Killed Terence
  1644 | D:2      | Reached skill level 1 in Fighting
  1644 | D:2      | Reached skill level 1 in Short Blades
  1644 | D:2      | Reached skill level 1 in Long Blades
  1644 | D:2      | Reached skill level 1 in Axes
  1644 | D:2      | Reached skill level 1 in Maces & Flails
  1644 | D:2      | Reached skill level 1 in Polearms
  1644 | D:2      | Reached skill level 1 in Staves
  1644 | D:2      | Reached skill level 1 in Ranged Weapons
  1644 | D:2      | Reached skill level 1 in Throwing
  1644 | D:2      | Reached skill level 1 in Armour
  1644 | D:2      | Reached skill level 1 in Shields
  1644 | D:2      | Reached skill level 1 in Unarmed Combat
  1644 | D:2      | Reached skill level 1 in Evocations
  1644 | D:2      | Reached XP level 4. HP: 32/32 MP: 6/11
  2271 | D:3      | Reached skill level 1 in Hexes
  2271 | D:3      | Reached skill level 1 in Summonings
  2271 | D:3      | Reached skill level 1 in Necromancy
  2271 | D:3      | Reached skill level 1 in Translocations
  2271 | D:3      | Reached skill level 1 in Transmutations
  2271 | D:3      | Reached skill level 1 in Ice Magic
  2271 | D:3      | Reached skill level 1 in Air Magic
  2271 | D:3      | Reached skill level 1 in Earth Magic
  2271 | D:3      | Reached skill level 1 in Poison Magic
  2278 | D:3      | Noticed Sigmund
  2280 | D:3      | Reached XP level 5. HP: 32/37 MP: 6/12
  2284 | D:3      | Killed Sigmund
  2285 | D:3      | Reached skill level 5 in Dodging
  2285 | D:3      | Reached XP level 6. HP: 37/44 MP: 0/14
  2437 | D:3      | Noticed Grinder
  2453 | D:3      | Killed Grinder
  2454 | D:3      | Reached XP level 7. HP: 51/51 MP: 3/15
  2643 | D:3      | Noticed Ijyb
  2682 | D:3      | Killed Ijyb
  2874 | D:3      | Noticed Robin
  2882 | D:3      | Killed Robin
  3182 | D:3      | Found a sparkling altar of Nemelex Xobeh.
  3393 | D:4      | Found an ancient bone altar of Kikubaaqudgha.
  3630 | D:4      | Reached skill level 5 in Stealth
  4038 | D:4      | Found an iron altar of Okawaru.
  4087 | D:4      | Reached XP level 8. HP: 48/58 MP: 11/16
  5071 | D:4      | Found a shimmering altar of Xom.
  5543 | D:5      | Entered Level 5 of the Dungeon
  5563 | D:5      | Found a faded altar of an unknown god.
  7044 | D:5      | Reached XP level 9. HP: 62/62 MP: 15/18
  8395 | D:6      | Found a shadowy altar of Dithmenos.
  8547 | D:6      | Reached skill level 5 in Invocations
  8768 | D:6      | Noticed Edmund
  8777 | D:6      | Killed Edmund
  9750 | D:7      | Reached skill level 5 in Fighting
  9750 | D:7      | Reached skill level 5 in Short Blades
  9750 | D:7      | Reached skill level 5 in Long Blades
  9750 | D:7      | Reached skill level 5 in Axes
  9750 | D:7      | Reached skill level 5 in Maces & Flails
  9750 | D:7      | Reached skill level 5 in Polearms
  9750 | D:7      | Reached skill level 5 in Staves
  9750 | D:7      | Reached skill level 5 in Ranged Weapons
  9750 | D:7      | Reached skill level 5 in Throwing
  9750 | D:7      | Reached skill level 5 in Armour
  9750 | D:7      | Reached skill level 5 in Shields
  9750 | D:7      | Reached skill level 5 in Unarmed Combat
  9750 | D:7      | Reached skill level 5 in Evocations
  9750 | D:7      | Reached XP level 10. HP: 74/74 MP: 16/20
  9927 | D:7      | Found a staircase to the Ecumenical Temple.
 10000 | Temple   | Entered the Ecumenical Temple
 10020 | Temple   | Became a worshipper of Cheibriados the Contemplative
 11089 | D:8      | Learned a level 4 spell: Flame Wave
 11093 | D:8      | Learned a level 3 spell: Inner Flame
 11114 | D:8      | Reached skill level 5 in Conjurations
 11115 | D:8      | Reached * piety under Cheibriados
 11787 | D:8      | Found a staircase to the Lair.
 12087 | D:9      | Reached ** piety under Cheibriados
 12782 | D:9      | Noticed a kobold demonologist
 12800 | D:9      | Killed a kobold demonologist
 13023 | D:9      | Noticed a two-headed ogre
 13031 | D:9      | Reached skill level 5 in Hexes
 13031 | D:9      | Reached skill level 5 in Summonings
 13031 | D:9      | Reached skill level 5 in Necromancy
 13031 | D:9      | Reached skill level 5 in Translocations
 13031 | D:9      | Reached skill level 5 in Transmutations
 13031 | D:9      | Reached skill level 5 in Ice Magic
 13031 | D:9      | Reached skill level 5 in Air Magic
 13031 | D:9      | Reached skill level 5 in Earth Magic
 13031 | D:9      | Reached skill level 5 in Poison Magic
 13032 | D:9      | Reached XP level 11. HP: 78/81 MP: 13/22
 13040 | D:9      | Killed a two-headed ogre
 13090 | D:9      | Reached *** piety under Cheibriados
 13328 | D:9      | Found a bloodstained altar of Trog.
 13435 | D:9      | Found the +2 Maxwell's thermic engine {flame, freeze, rev}
 13486 | D:10     | Entered Level 10 of the Dungeon
 13499 | D:10     | Found a shimmering blue altar of Sif Muna.
 13539 | D:10     | Found a broken altar of Ashenzari.
 13662 | D:10     | Found a white marble altar of Elyvilon.
 13677 | D:10     | Identified the +1 cloak "Tegaak" {+Blink rF+ Int-3 Dex+3}
 13843 | D:10     | Found a glowing silver altar of Zin.
 14043 | D:10     | Found a staircase to the Orcish Mines.
 14513 | D:10     | Reached **** piety under Cheibriados
 15329 | D:11     | Identified the +9 whip "Ycimp" {spect, Drain rElec rN+
                  | rCorr}
 16121 | Lair:1   | Entered Level 1 of the Lair of Beasts
 16121 | Lair:1   | Noticed a catoblepas
 16386 | Lair:1   | HP: 2/84 [catoblepas (8)]
 16387 | Lair:1   | Slain by a catoblepas

Illustrated notes

Levels and vault maps discovered:
D:1:      saegor_arrival_miasma, layout_loops_cross, serial_shops, shop
D:2:      layout_loops_ring, basic_altar, uniq_terence
D:3:      layout_basic, mainiacjoe_overflow_tiny_flanked, uniq_robin, uniq_ijyb,
          uniq_grinder, uniq_sigmund
D:4:      minmay_razor_zed, layout_layer_cave, mainiacjoe_overflow_alcove_2,
          okawaru_gym_becter, kiku_gazebo_garden_becter, minmay_misc_feat_room,
          chequers_serial_rivers_micro_c, minmay_quadrilaterals
D:5:      layout_cave_pools, serial_column_ruins, column_ruins_temple_circle,
          column_ruins_corridor_corner, column_ruins_columns_water,
          column_ruins_grid_1, column_ruins_columns_straight,
          column_ruins_open_tiny
D:6:      layout_loops_ring, mainiacjoe_overflow_chevrons, uniq_edmund
D:7:      layout_basic, minmay_temple_entry_hall
D:8:      layout_loops_cross, lair_entry_dummy, grunt_ministairs_12,
          minmay_holes, chequers_serial_rivers_micro_c
D:9:      layout_roguey, mainiacjoe_overflow_catwalk, st_stairs_4, minmay_puff
D:10:     layout_roguey, zin_treasury, led_sif_pool, lemuel_crystal_altar,
          mainiacjoe_overflow_surrounded_room, david_orc_3, enter_bailey_8
D:11:     layout_cave_pods
Temple:   chequers_temple_sunken
Lair:1:   dreamdust_cave_troll, layout_loops_ring,
          lightli_volcano_entry_magma_tube

Skill      XL: |  1  2  3  4  5  6  7  8  9 10 11 |
---------------+----------------------------------+-----
Conjurations   | 2 3 4 5 6 |  6.2
Spellcasting   | 5 6 7 8 |  8.7
Invocations    | 1 2 3 4 5 6 7 |  7.7
Fighting       | 1 2 3 5 6 7 |  7.0
Short Blades   | 1 2 3 5 6 7 |  7.0
Long Blades    | 1 2 3 5 6 7 |  7.0
Axes           | 1 2 3 5 6 7 |  7.0
Maces & Flails | 1 2 3 5 6 7 |  7.0
Polearms       | 1 2 3 5 6 7 |  7.0
Staves         | 1 2 3 5 6 7 |  7.0
Ranged Weapons | 1 2 3 5 6 7 |  7.0
Throwing       | 1 2 3 5 6 7 |  7.0
Armour         | 1 2 3 5 6 7 |  7.0
Shields        | 1 2 3 5 6 7 |  7.0
Unarmed Combat | 1 2 3 5 6 7 |  7.0
Evocations     | 1 2 3 5 6 7 |  7.0
Hexes          | 1 2 3 4 5 |  5.8
Summonings     | 1 2 3 4 5 |  5.8
Necromancy     | 1 2 3 4 5 |  5.8
Translocations | 1 2 3 4 5 |  5.8
Transmutations | 1 2 3 4 5 |  5.8
Ice Magic      | 1 2 3 4 5 |  5.8
Air Magic      | 1 2 3 4 5 |  5.8
Earth Magic    | 1 2 3 4 5 |  5.8
Poison Magic   | 1 2 3 4 5 |  5.8
Dodging        | 5 6 7 8 |  8.5
Stealth        | 5 6 7 8 |  8.2
Fire Magic     | 6 7 8 |  8.1

Action                     |  1- 3 |  4- 6 |  7- 9 | 10-12 || total
---------------------------+-------+-------+-------+-------++-------
  Melee: Hand axe          |       |     2 |       |       ||     2
         War axe           |       |       |    23 |       ||    23
         Bite              |       |       |     2 |     2 ||     4
         Battleaxe         |       |       |     4 |    30 ||    34
         Double sword      |       |       |       |    14 ||    14
   Cast: Foxfire           |    84 |    30 |   241 |   144 ||   499
         Scorch            |     2 |    10 |   101 |    66 ||   179
         Flame Wave        |       |       |       |    32 ||    32
  Evoke: Wand              |       |     4 |       |       ||     4
    Use: Potion            |       |       |     6 |     2 ||     8
         Scroll            |       |       |     7 |     9 ||    16
   Stab: Sleeping          |       |       |       |     1 ||     1
 Armour: Robe              |     1 |     2 |    38 |   106 ||   147
  Dodge: Dodged            |    15 |    14 |   205 |   349 ||   583
